 Dungeon Crawl Stone Soup version 0.22-a0-247-gbddf880 (webtiles) character file.

2 M4edhros the Grave Robber (level 1, -4/11 HPs)
             Began as an Octopode Necromancer on Feb 23, 2018.
             Slain by an adder (5 damage)
             ... on level 2 of the Dungeon.
             The game lasted 00:01:25 (213 turns).

M4edhros the Grave Robber (Octopode Necromancer)     Turns: 213, Time: 00:01:25

Health: -4/11      AC: -1    Str:  7    XL:     1   Next: 40%
Magic:  3/3        EV: 13    Int: 17    God:
Gold:   23         SH:  0    Dex: 12    Spells: 2/4 levels left

rFire    . . .     SeeInvis .   (no weapon)
rCold    . . .     Gourm    .   (no shield)
rNeg     . . .     Faith    .   (helmet restricted)
rPois    .         Spirit   .   (no amulet)
rElec    .         Reflect  .   k - -2 ring of protection (curse)
rCorr    .         Harm     .   (no ring)
MR       .....                  (no ring)
Stlth    +++.......             (no ring)
HPRegen  0.03/turn              (no ring)
MPRegen  0.08/turn              (no ring)
                                (no ring)
                                (no ring)

@: lethally poisoned (-4 -> -10), hasted, very quick
A: almost no armour, stealthy swim, amphibious, 8 rings, constrict 8, camouflage
1, gelatinous body 1
a: no special abilities


You were on level 2 of the Dungeon.
You were not hungry.

You visited 1 branch of the dungeon, and saw 2 of its levels.

You collected 23 gold pieces.

Inventory:

Hand Weapons
 g - a +1 hunting sling
Missiles
 j - 19 sling bullets
Armour
 h - a +0 shield
Jewellery
 k - a cursed -2 ring of protection (left tentacle)
Comestibles
 a - 3 rations
 f - a chunk of flesh


   Skills:
 - Level 2.0 Dodging
 - Level 2.6 Stealth
 + Level 0.8 Unarmed Combat
 - Level 2.0 Spellcasting
 - Level 4.0 Necromancy


You had 2 spell levels left.
You knew the following spells:

 Your Spells              Type           Power        Failure   Level  Hunger
a - Pain                  Necr           ###.         3%          1    #......
b - Animate Skeleton      Necr           N/A          3%          1    #......


Dungeon Overview and Level Annotations

Branches:
Dungeon (2/15)

Altars:


Innate Abilities, Weirdness & Mutations

You cannot wear most types of armour.
You are very stealthy in the water. (Stealth+)
You are amphibious.
You can wear up to eight rings at the same time.
You can use your tentacles to constrict eight enemies at once.
Your skin changes colour to match your surroundings (Stealth+).
Your rubbery body absorbs attacks. (AC +1, EV +1)


Message History

You closely miss the adder. Your grab misses the adder.
Your squeeze misses the adder.
The adder is moderately wounded.
You feel sick.
You tentacle-slap the adder but do no damage.
Your grab misses the adder.
The adder is moderately wounded.
The adder misses you. The rat closely misses you.
You barely miss the adder. Your grab misses the adder.
The adder is moderately wounded.
The adder misses you. The rat misses you.
You tentacle-slap the adder. Your grab misses the adder.
The adder is heavily wounded.
The adder bites you.
You barely miss the adder. Your grab misses the adder.
The adder is heavily wounded.
The rat bites you.
* * * LOW HITPOINT WARNING * * *
The adder bites you.
You die...

,,,,,,,+,,,+,,,,,,,* *,,,*,*,***
,,,,,,,#...#,,,,,,,* *,,,,,,,,,,
*,,,,,*#...#*,,,,,*****,****,****
**,,,**#...#**,,,***,,,,**,,,,,**
##### #...# #####,,,,,,*,,,,,,,*
##...###...###...##*,,,,*,,,,,,,*
#.....##..)##.....##**,,,,,,_,,,,
.......#...#.......# *,,*,,,,,,,*
.......'...'...S@..# *,,*,,,,,,,*
.......#...#...r...#**,,**,,,,,**
#.....##...##.....##,*,,****,****
##...##.....##...##*,,,,,,,,,,,,,
,#####......###### *,,,***,,,,**,
** #....###...#****,,,* **,,***,
####<# *....,,,,,,,****,****,
########.###.###****,*,,,,,,,,,,,
............#* *,******,*****


You could see an adder and a rat.

Vanquished Creatures
  A bat (D:2)
  A frilled lizard (D:1)
  A kobold (D:1)
  A rat (D:1)
4 creatures vanquished.

Notes
Turn   | Place    | Note
-------+----------+-------------------------------------------
     0 | D:1      | M4edhros the Octopode Necromancer began the quest for the Orb.
     0 | D:1      | Reached XP level 1. HP: 11/11 MP: 3/3
    36 | D:1      | Learned a level 1 spell: Animate Skeleton
   213 | D:2      | Slain by an adder

Vault maps used:
D:1:      minmay_arrival_four_circles
D:2:      kennysheep_six_static_rooms, old_standard_altar

Action                   || total
-------------------------++-------
Melee: Unarmed           ||    10
       Constrict         ||     1
       Tentacles         ||     1
 Cast: Pain              ||     3
       Animate Skeleton  ||     1
  Use: Scroll            ||     3
       Potion            ||     3
 Stab: Sleeping          ||     1
Dodge: Dodged            ||    14

Table legend:
 A = Spawn XP
 B = Non-spawn XP
 C = Spawn XP percentage of total XP
 D = Spawn monster count
 E = Non-spawn monster count
 F = Spawn count percentage of total count
 G = Total turns spent on level
                    A         B        C        D         E        F      G
               +---------+---------+-------+---------+---------+-------+---------
         Total |       0 |       4 |   0.0 |       0 |       4 |   0.0 |   213
               +---------+---------+-------+---------+---------+-------+---------
           D:1 |       0 |       3 |   0.0 |       0 |       3 |   0.0 |   100
           D:2 |       0 |       1 |   0.0 |       0 |       1 |   0.0 |   113
               +---------+---------+-------+---------+---------+-------+---------
